AoeStats
← saratchandra9494

Team Islands

503281237Analyzed
2v2 RM · 2mo ago on Aug 30, 2026· 32m 57s· 4 players
Game mode
Random Map
Map size
185×185
Population
200
Speed
Normal
Resources
Standard
Victory
Conquest
Starting age
Dark Age
Ending age
Imperial Age
RankedLock teamsTeams togetherTeam positionsShared explorationLock speedFull tech treeHidden civsTurbo modeCheats
Victory
Defeat
🇮🇳 Byzantines · India
962
+13
🇺🇸 Japanese · United States
904
+16
vs
🇦🇷 Ethiopians · Argentina
968
-18
🇨🇳 Portuguese · China
841
-12
saratchandra9494
12:22 Feudal Age
12:49 Double-Bit Axe
14:11 Wheelbarrow
14:11 Gold Mining
19:12 Castle Age
17:24 Horse Collar
17:58 Loom
18:22 Stone Mining
20:13 Hand Cart
20:16 Bow Saw
20:32 Medium Warships
20:20 Fishing Lines
20:01 Demolition Ship
20:37 Fletching
24:13 Gold Shaft Mining
24:18 Stone Shaft Mining
23:49 Heavy Plow
23:44 Gillnets
31:24 Clinker Construction
31:34 Ballistics
31:21 Siphons
34:03 Imperial Age
Temurah
10:52 Feudal Age
10:21 Loom
12:03 Double-Bit Axe
14:17 Wheelbarrow
14:10 Gold Mining
15:46 Fishing Lines
21:27 Castle Age
21:00 Stone Mining
22:19 Forging
22:08 Man-at-Arms
22:34 Gambesons
22:50 Squires
22:35 Arson
23:11 Long Swordsman
25:07 Iron Casting
27:19 Scale Mail Armor
32:02 Chain Mail Armor
MichaelJackson
12:07 Feudal Age
13:41 Fishing Lines
18:31 Castle Age
16:36 Double-Bit Axe
18:10 Horse Collar
19:25 Medium Warships
19:22 Loom
19:46 Gillnets
25:38 Heavy Plow
25:53 Town Watch
27:13 Bow Saw
26:38 Crossbowman
27:54 Fletching
28:39 Bodkin Arrow
29:26 Thumb Ring
32:32 Imperial Age
TKDanis
8:29 Loom
13:30 Feudal Age
18:11 Castle Age
22:36 Imperial Age
20:36 Stone Mining
20:39 Gold Mining
20:44 Double-Bit Axe
24:28 Stone Shaft Mining
23:59 Treadmill Crane
26:11 Medium Warships
Connection lost

Rejoining the realm…

Still unreachable

The connection could not be restored.

Session expired

The server has moved on; the page needs a fresh start.